 Dungeon Crawl Stone Soup version 0.19.0-24-gb05acd6 (webtiles) character file.

1445 keeo the Poker (level 8, -5/60 HPs)
             Began as a Demonspawn Gladiator on Nov 21, 2016.
             Was a Follower of Makhleb.
             Slain by an ice beast (9 damage)
             ... on level 7 of the Dungeon.
             The game lasted 00:31:23 (8210 turns).

keeo the Poker (Demonspawn Gladiator)               Turns: 8210, Time: 00:31:24

Health: -5/60      AC:  8    Str: 16    XL:     8   Next: 46%
Magic:  0/8        EV: 12    Int: 10    God:    Makhleb [*.....]
Gold:   391        SH:  0    Dex: 15    Spells: 1 memorised, 6 levels left

rFire  . . .     SeeInvis .     a - +0 trident
rCold  . . .     Gourm    .     j - +0 ring mail {rPois}
rNeg   . . .     Faith    .     (no shield)
rPois  +         Spirit   +     c - +0 helmet
rElec  .         Reflect  .     w - +0 cloak
rCorr  .         Harm     .     (no gloves)
MR     .....                    (no boots)
Stlth  +.........               (no amulet)
                                (no ring)
                                (no ring)

@: no status effects
A: claws 1, powered by pain 2, magic shield, magic regeneration
a: Renounce Religion


You were on level 7 of the Dungeon.
You worshipped Makhleb.
Makhleb was aware of your devotion.
You were not hungry.

You visited 2 branches of the dungeon, and saw 8 of its levels.

You collected 391 gold pieces.

Inventory:

Hand Weapons
 a - a +0 trident (weapon)
 l - a +0 dagger of venom
 z - a +0 antimagic dagger
 A - a +0 shortbow
 M - a +1 mace of crushing
Missiles
 d - 2 throwing nets (quivered)
 v - 45 bolts
 x - 95 arrows
Armour
 b - a +0 leather armour
 c - a +0 helmet (worn)
 j - a +0 ring mail of poison resistance (worn)
 w - a +0 cloak (worn)
Jewellery
 k - an uncursed ring of magical power {unknown}
 u - a cursed ring of protection from magic {unknown}
 J - an uncursed ring of fire {unknown}
Wands
 h - a wand of slowing (3/48)
 y - a wand of flame (1/48)
 B - a wand of slowing (14/48)
Scrolls
 e - a scroll of teleportation {unknown}
 g - a scroll of enchant armour {unknown}
 i - a scroll of enchant weapon {unknown}
 n - 2 scrolls of noise {unknown}
 q - a scroll of amnesia {unknown}
 r - a scroll of blinking {unknown}
 s - 4 scrolls of remove curse {unknown}
 t - 6 scrolls of identify {unknown}
 C - 3 scrolls of fog {unknown}
 H - a scroll of fear {unknown}
Potions
 m - 2 potions of curing
 p - a potion of resistance {unknown}
 D - a potion of brilliance {unknown}
 E - a potion of might {unknown}
 F - a potion of flight
 K - a potion of berserk rage {unknown}
Books
 G - a book of Misfortune

   Spells                             Type                      Level
   a - Confusing Touch                Hexes                        1
   b - Confuse                        Hexes                        3
   c - Gell's Gravitas                Hexes/Translocation          3
   d - Petrify                        Transmutation/Earth          4
   e - Metabolic Englaciation         Hexes/Ice                    5
   f - Yara's Violent Unravelling     Hexes/Transmutation          5
Comestibles
 f - 2 bread rations
 o - 9 fruits
 I - 3 chunks of flesh


   Skills:
 + Level 4.0 Fighting
 + Level 6.4 Polearms
 - Level 1.8 Throwing
 * Level 4.9 Armour
 - Level 3.4 Dodging
 + Level 1.7 Stealth
 * Level 3.5 Hexes
 + Level 0.2 Evocations


You had 6 spell levels left.
You knew the following spells:

 Your Spells              Type           Power        Failure   Level  Hunger
a - Confusing Touch       Hex            #.....       17%         1    ##.....


Dungeon Overview and Level Annotations

Branches:
Dungeon (7/15)             Temple (1/1) D:6

Altars:
Cheibriados
Makhleb

Shops:
D:7 ?!*

Annotations:
D:2 Robin
D:4 Nuri's ghost, amateur NaWr


Innate Abilities, Weirdness & Mutations

You have sharp fingernails.
You sometimes gain power by taking damage.
When hurt, damage is shared between your health and your magic reserves.
You regenerate magic rapidly.


Message History

Aim: an ice beast The puff of flame hits the ice beast.
The ice beast melts!
The ice beast is lightly wounded.
Evoking this partially-identified wand wasted a few charges.
The ice beast hits you.
* * * LOW HITPOINT WARNING * * *
The ice beast freezes you!
* * * LOW HITPOINT WARNING * * *
Okay, then.
Evoke which item? (* to show all) (? for menu, Esc to quit)
Zapping:
y - a wand of flame {zapped: 15} (will waste charges)
Press: ? - help, Shift-Dir - straight line, f/p - ice beast
Aim: an ice beast (lightly wounded)
The puff of flame hits the ice beast.
The ice beast melts!
The ice beast is moderately wounded.
Evoking this partially-identified wand wasted a few charges.
The ice beast hits you.
* * * LOW HITPOINT WARNING * * *
The ice beast freezes you!
You die...

.###..##.##............#
.........#...##.......#
..###..##...######.#.## #
#.###..## #(#.#
#..##..##..# #.#.##
##.........# #.)..#
######.#...#### #.#..####.
..............####.........
#####..#...#....@#Y∩.#.....
# #....∩.....WY##....###..
####.#.######.#..#.#..### .
.......# #..Z.WZ.......
.÷###### #####o..#.....
......... ........##
<######## #.......... .#
...#....... ## ##.##.####..


You could see a phantom, an ice beast and a centaur zombie.

Vanquished Creatures
  A hungry ghost (D:7)
  An orc warrior (D:7)
  A sky beast (D:6)
  2 centaurs
  2 ogres
  The ghost of Shayle the Conjurer, an amateur TeCj (D:3)
  2 crimson imps
  2 hounds
  A gnoll shaman (D:4)
  An orc wizard (D:3)
  Natasha (thrice) (D:2)
  6 worker ants
  A howler monkey skeleton (D:5)
  5 adders
  11 gnolls
  3 shadow imps
  2 oozes (D:3)
  2 worms (D:3)
  6 dart slugs
  2 leopard geckos
  14 orcs
  4 bats (D:3)
  8 giant cockroaches
  6 goblins
  9 hobgoblins
  15 jackals
  4 kobolds
  5 quokkas
  3 ball pythons
  11 frilled lizards
  A leopard gecko skeleton (D:4)
  2 leopard gecko zombies (D:6)
  A quokka zombie (D:6)
  5 rats
143 creatures vanquished.

Notes
Turn   | Place    | Note
-------+----------+-------------------------------------------
     0 | D:1      | keeo the Demonspawn Gladiator began the quest for the Orb.
     0 | D:1      | Reached XP level 1. HP: 16/16 MP: 1/1
   439 | D:1      | Reached skill level 3 in Polearms
   626 | D:1      | Gained mutation: When hurt, damage is shared between your health and your magic reserves. [demonic ancestry]
   626 | D:1      | Reached XP level 2. HP: 22/22 MP: 2/2
  1277 | D:2      | Gained mutation: You sometimes gain a little power by taking damage. [demonic ancestry]
  1277 | D:2      | Reached XP level 3. HP: 27/28 MP: 3/3
  1328 | D:2      | Found a snail-covered altar of Cheibriados.
  1363 | D:2      | Noticed Natasha
  1373 | D:2      | Killed Natasha
  1373 | D:2      | Reached skill level 1 in Armour
  1454 | D:2      | Noticed Robin
  1511 | D:2      | Reached XP level 4. HP: 34/34 MP: 4/4
  1658 | D:2      | Noticed Natasha
  1675 | D:2      | Killed Natasha
  1693 | D:2      | Noticed Natasha
  1705 | D:2      | Killed Natasha
  2201 | D:2      | Reached skill level 4 in Polearms
  2373 | D:3      | Gained mutation: You regenerate magic rapidly. [demonic ancestry]
  2373 | D:3      | Reached XP level 5. HP: 39/39 MP: 5/5
  2407 | D:3      | Noticed Shayle's ghost (amateur TeCj)
  3598 | D:3      | Killed Shayle's ghost
  3598 | D:3      | Gained mutation: You have sharp fingernails. [demonic ancestry]
  3598 | D:3      | Reached XP level 6. HP: 28/47 MP: 2/6
  3981 | D:3      | Learned a level 1 spell: Confusing Touch
  4507 | D:4      | Reached skill level 5 in Polearms
  4631 | D:4      | Reached skill level 1 in Stealth
  4631 | D:4      | Reached skill level 1 in Hexes
  4631 | D:4      | Gained mutation: You sometimes gain power by taking damage. [demonic ancestry]
  4631 | D:4      | Reached XP level 7. HP: 46/52 MP: 7/7
  4671 | D:4      | Noticed Nuri's ghost (amateur NaWr)
  4676 | D:5      | Entered Level 5 of the Dungeon
  5108 | D:5      | Found a burning altar of Makhleb.
  5113 | D:5      | Became a worshipper of Makhleb the Destroyer
  6253 | D:6      | Found a staircase to the Ecumenical Temple.
  6272 | Temple   | Entered the Ecumenical Temple
  7046 | D:6      | Reached skill level 6 in Polearms
  7046 | D:6      | Reached XP level 8. HP: 47/59 MP: 5/8
  7757 | D:7      | Found Zulayg's Magic Scroll Emporium.
  7895 | D:7      | Reached * piety under Makhleb
  8121 | D:7      | Found Azugamug's Distillery.
  8144 | D:7      | Found Jyssoux's Assorted Antiques.
  8210 | D:7      | Slain by an ice beast

Skill      XL: |  1  2  3  4  5  6  7  8 |
---------------+-------------------------+-----
Polearms       | 3 4 5 6 |  6.4
Armour         | 1 2 3 4 |  4.9
Dodging        | 3 |  3.4
Fighting       | 3 4 |  4.0
Stealth        | 1 |  1.7
Hexes          | 1 2 3 |  3.5
Throwing       | |  1.8
Evocations     | |  0.2

Action                   |  1- 3 |  4- 6 |  7- 9 || total
-------------------------+-------+-------+-------++-------
Melee: Trident           |   136 |   341 |   396 ||   873
Throw: Throwing net      |       |     2 |     3 ||     5
Evoke: Wand              |     2 |     4 |     6 ||    12
  Use: Potion            |     1 |     7 |       ||     8
 Stab: Invisible         |       |     4 |       ||     4
       Held in net/web   |       |       |     2 ||     2
  Eat: Chunk             |     2 |    11 |    13 ||    26
       Meat ration       |       |       |     2 ||     2
       Fruit             |       |       |     2 ||     2
       Bread ration      |       |       |     1 ||     1
       Beef jerky        |       |       |     1 ||     1
Armor: Leather armour    |     2 |       |       ||     2
       Ring mail         |    62 |    74 |   147 ||   283
       Skin              |       |     2 |       ||     2
Dodge: Dodged            |    72 |   172 |   204 ||   448
